 Dungeon Crawl Stone Soup version 0.30-a0-782-ge64f9170bb (webtiles) character file.

Game seed: 950742772157925043

142 cheesebisquit the Firebug (level 5, -1/38 HPs)
             Began as a Hill Orc Fire Elementalist on Feb 19, 2023.
             Slain by a scorpion (4 damage)
             ... on level 4 of the Dungeon.
             The game lasted 00:13:30 (3598 turns).

cheesebisquit the Firebug (HOFE)                    Turns: 3598, Time: 00:13:30

Health: -1/38      AC:  2    Str: 11    XL:     5   Next: 24%
Magic:  5/9        EV: 12    Int: 17    God:
Gold:   136        SH:  0    Dex: 11    Spells: 3/10 levels left

rFire   . . .      SeeInvis .    v - +0 war axe
rCold   + . .      Faith    .    (no shield)
rNeg    . . .      Spirit   .    a - +0 robe
rPois   .          Reflect  .    (no helmet)
rElec   .          Harm     .    (no cloak)
rCorr   .          Rampage  .    (no gloves)
Will    .....                    (no boots)
Stlth   +                        (no amulet)
HPRegen 0.26/turn                i - ring of protection from cold
MPRegen 0.11/turn                (no ring)

@: confused, lethally poisoned (-1 -> -14), ambrosia-drunk, very slightly
contaminated
A: no striking features
a: no special abilities


You were on level 4 of the Dungeon.
You visited 1 branch of the dungeon, and saw 4 of its levels.

You collected 161 gold pieces.
You spent 25 gold pieces at shops.

Inventory:

Hand Weapons
 v - a +0 war axe (weapon)
Missiles
 m - 2 atropa-tipped darts
 q - 2 throwing nets
Armour
 a - a +0 robe (worn)
Jewellery
 c - a +6 ring of intelligence
 i - a ring of protection from cold (left hand)
 j - a +6 ring of strength
Scrolls
 e - a scroll of brand weapon {unknown}
 f - 2 scrolls of identify {unknown}
 g - a scroll of immolation {unknown}
 k - a scroll of silence {unknown}
 l - a scroll of amnesia {unknown}
 n - 2 scrolls of magic mapping {unknown}
 p - a scroll of torment {unknown}
 r - a scroll of teleportation {unknown}
 t - a scroll of poison {unknown}
Potions
 b - 3 potions of magic
 d - 2 potions of might {unknown}
 o - 2 potions of ambrosia
 s - a potion of heal wounds {unknown}
 u - a potion of haste {unknown}


   Skills:
 - Level 1.5 Dodging
 - Level 1.5 Stealth
 + Level 3.0 Spellcasting
 - Level 1.0 Conjurations
 + Level 5.0 Fire Magic


You had 3 spell levels left.
You knew the following spells:

 Your Spells              Type           Power      Damage    Failure   Level
a - Scorch                Fire           38%        2d7       3%          2
b - Flame Wave            Conj/Fire      12%        2d6       45%         4
z - Foxfire               Conj/Fire      48%        2x1d6     4%          1

Your spell library contained the following spells:

 Spells                   Type           Power      Damage    Failure   Level
 Kiss of Death            Conj/Necr      16%        2d6       14%         1
 Inner Flame              Hex/Fire       11%        N/A       19%         3
 Kindle Blastsparks       Fire/Tloc/Air  16%        2d11      26%         3
 Confusing Touch          Hex            2%         N/A       45%         3
 Fireball                 Conj/Fire      6%         3d5       80%         5
 Dispel Undead            Necr           2%         3d7       86%         4
 Leda's Liquefaction      Hex/Erth       1%         N/A       86%         4
 Borgnjor's Vile Clutch   Necr/Erth      1%         N/A       99%         5


Dungeon Overview and Level Annotations

Branches:
Dungeon (4/15)
 Temple: D:4-7

Altars:
Yredelemnul

Shops:
D:1 :   D:2 (


Message History

Confirm with . or Enter, or press ? or * to list all spells.
You miscast Foxfire.
You are very lightly contaminated with residual magic.
Nothing appears to happen.
You feel very sick. The scorpion stings you.
You are more poisoned.
The scorpion poisons you!
Casting: Foxfire (safe; 4% risk of failure)
Confirm with . or Enter, or press ? or * to list all spells.
You conjure some foxfire!
You feel very sick.
The foxfire hits the orc.
The orc is almost dead.
The scorpion closely misses you.
Casting: Scorch (safe; 3% risk of failure)
Press: ? - help, Q - select action, (/) - cycle Dir - look around, f - activate Flames lash the orc.
You kill the orc!
You feel very sick.
The scorpion is no longer more vulnerable to fire.
The foxfire hits the orc but does no damage.
The scorpion stings you.
You are lethally poisoned!
The scorpion poisons you!
An orc comes into view. It is wielding a +0 short sword.
Casting: Scorch (safe; 3% risk of failure)
Confirm with . or Enter, or press ? or * to list all spells.
You don't have enough magic to cast this spell.
* * * LOW HITPOINT WARNING * * *
You feel very sick. The scorpion stings you!
* * * LOW HITPOINT WARNING * * *
It was a potion of ambrosia.
You are confused.
You feel invigorated.
* * * LOW HITPOINT WARNING * * *
You feel very sick. The scorpion stings you.
You die...

#.... ..# #.... .
#.# ##....
..#####.# ......
.o...... ......
#.o...# ......
#..g..## .....
#..))..### ###.
#....o@..##### #.
#....s##.....####
#.
#.....####...'..#
#) #.....#
#...##.# #.
#......
#...##.######.
#......
#...##......#.
#......
#...#####.....
#....... #...#
#..... #...#
#...(.


You could see a scorpion, 3 orcs and a goblin.

Vanquished Creatures
  Terence (D:2)
  4 adders
  2 worms (D:2)
  A dart slug (D:2)
  3 orcs (D:4)
  5 bats
  10 endoplasms
  3 giant cockroaches
  7 goblins
  7 hobgoblins
  2 jackals (D:4)
  3 kobolds
  3 quokkas
  8 ball pythons
  2 frilled lizards
  5 rats
66 creatures vanquished.

Vanquished Creatures (collateral kills)
  A foxfire (D:1)
1 creature vanquished.

Vanquished Creatures (others)
  79 foxfires
  2 plants (D:2)
81 creatures vanquished.

Grand Total: 148 creatures vanquished

Notes
Turn   | Place    | Note
-------+----------+-------------------------------------------
     0 | D:1      | cheesebisquit the Hill Orc Fire Elementalist began the
                  | quest for the Orb.
     0 | D:1      | Reached XP level 1. HP: 14/14 MP: 3/3
   232 | D:1      | Reached XP level 2. HP: 20/20 MP: 0/4
   306 | D:1      | Got Goew's Omnibus of the Fiery Volcano
   310 | D:1      | Learned a level 2 spell: Scorch
   464 | D:1      | Found Duenubue's Book Emporium.
  1175 | D:2      | Reached skill level 4 in Fire Magic
  1175 | D:2      | Reached XP level 3. HP: 25/26 MP: 0/6
  1304 | D:2      | Noticed Terence
  1312 | D:2      | Killed Terence
  1313 | D:2      | Reached XP level 4. HP: 14/33 MP: 0/7
  1469 | D:2      | Learned a level 4 spell: Flame Wave
  1879 | D:2      | Found Odidiene's Weapon Shop.
  1953 | D:2      | Bought 2 atropa-tipped darts for 25 gold pieces
  2292 | D:2      | Found a faded altar of an unknown god.
  2882 | D:3      | Found a basalt altar of Yredelemnul.
  3154 | D:4      | Reached XP level 5. HP: 38/38 MP: 4/9
  3359 | D:4      | Reached skill level 5 in Fire Magic
  3598 | D:4      | Slain by a scorpion

Illustrated notes

Levels and vault maps discovered:
D:1:      wander_arrival_fairy_ring, layout_basic, serial_shops,
          nicolae_shop_statue_plus, st_stairs_1, minmay_misc_feat_encased,
          chequers_serial_rivers_micro_c, amcnicky_mini_corridor_feature,
          nicolae_wormholes
D:2:      layout_loops_ring, serial_shops, nicolae_shop_bloodbath_and_beyond,
          basic_ecumenical_altar, corexii_shack, minmay_shallow_snake_nest,
          uniq_terence
D:3:      layout_basic, lemuel_coloured_pillars_altar,
          kennysheep_generic_room_11
D:4:      layout_basic

Skill      XL: |  1  2  3  4  5 |
---------------+----------------+-----
Spellcasting   | 2 3 |  3.0
Fire Magic     | 4 5 |  5.0
Dodging        | |  1.5
Stealth        | |  1.5
Conjurations   | |  1.0

Action                     |  1- 3 |  4- 6 || total
---------------------------+-------+-------++-------
  Melee: Unarmed           |     3 |       ||     3
         Hand axe          |    10 |    16 ||    26
         War axe           |       |     1 ||     1
   Cast: Foxfire           |    23 |    27 ||    50
         Scorch            |     8 |    37 ||    45
    Use: Potion            |       |     1 ||     1
 Armour: Robe              |     6 |     3 ||     9
  Dodge: Dodged            |     7 |    27 ||    34

Table legend: (Time is in decaauts)
 A = Elapsed time spent in this place.
 B = Non-inter-level travel time spent in this place.
 C = Inter-level travel time spent in this place.
 D = Time resting spent in this place.
 E = Time spent auto-exploring this place.
 F = Levels seen in this place.
 G = Mean time per level.
                   A        B        C        D        E       F      G
               +--------+--------+--------+--------+--------+-----+--------+
         Total |   3604 |   3523 |     81 |      0 |   3124 |   4 |  901.0 |
       Dungeon |   3604 |   3523 |     81 |      0 |   3124 |   4 |  901.0 |
               +--------+--------+--------+--------+--------+-----+--------+

Top non-repeatable levels by time:
     D:2: 1259 daAuts
     D:1: 1100 daAuts
     D:3: 791 daAuts
     D:4: 452 daAuts
